 Dungeon Crawl Stone Soup version 0.24-a0-725-gf1a930fc54 (webtiles) character file.

Game seed: 11147790521282588012, levelgen mode: deterministic

5871 Kairok the Covert (level 10, -5/51 HPs)
             Began as a Vine Stalker Assassin on Oct 1, 2019.
             Was an Elder of Okawaru.
             Slain by a two-headed ogre
             ... wielding a cursed +0 giant spiked club
              (12 damage)
             ... on level 8 of the Dungeon.
             The game lasted 00:18:31 (8160 turns).

Kairok the Covert (Vine Stalker Assassin)           Turns: 8160, Time: 00:18:33

Health: -5/51      AC: 16    Str: 13    XL:     10   Next: 81%
Magic:  0/11       EV:  9    Int: 11    God:    Okawaru [****..]
Gold:   361        SH:  9    Dex: 15    Spells: 6/9 levels left

rFire    . . .     SeeInvis .   D - +2 dagger (drain)
rCold    . . .     Gourm    .   J - +0 shield
rNeg     . . .     Faith    .   L - +5 scale mail of Zoijiw {rElec Regen+ Dex-5}
rPois    .         Spirit   +   j - +1 hat
rElec    +         Reflect  .   c - +0 cloak
rCorr    +         Harm     .   o - +0 pair of gloves
MR       +....                  (no boots)
Stlth    +++.......             (no amulet)
HPRegen  0.97/turn              n - +1 ring of protection
MPRegen  0.12/turn              l - ring of resist corrosion

@: marked
A: fangs 3, regeneration 1, magic shield, antimagic bite, no potion heal 3, rot
immunity
a: Heroism, Renounce Religion


You were on level 8 of the Dungeon.
You worshipped Okawaru.
Okawaru was greatly pleased with you.
You were hungry.

You visited 2 branches of the dungeon, and saw 10 of its levels.

You collected 453 gold pieces.
You spent 92 gold pieces at shops.

Inventory:

Hand Weapons
 g - a +2 short sword of draining
 t - a +2 short sword of speed
 D - a +2 dagger of draining (weapon)
 E - a +0 dagger of protection
 T - a +3 dagger of chaos
Missiles
 d - 28 poisoned darts
 e - 6 curare-tipped darts (quivered)
 y - 14 atropa-tipped darts
 I - 4 throwing nets
 N - 6 datura-tipped darts
Armour
 c - a +0 cloak (worn)
 j - a +1 hat (worn)
 o - a +0 pair of gloves (worn)
 B - a +3 leather armour of fire resistance
 J - a +0 shield (worn)
 L - the +5 scale mail of Zoijiw (worn) {rElec Regen+ Dex-5}
   (You took it off an orc on level 7 of the Dungeon)

   It affects your dexterity (-5).
   It insulates you from electricity.
   It increases your rate of regeneration.
Jewellery
 l - a ring of resist corrosion (right hand)
 n - a +1 ring of protection (left hand)
 P - a +4 ring of intelligence
 S - a +4 ring of intelligence
Wands
 h - a wand of paralysis (6)
 H - a wand of disintegration (1)
 M - a wand of scattershot (1)
 O - a wand of digging (6)
 R - a wand of flame (33)
Scrolls
 i - a scroll of fear
 m - 3 scrolls of amnesia
 p - 3 scrolls of magic mapping
 q - 4 scrolls of teleportation
 r - a scroll of fog {unknown}
 s - 4 scrolls of remove curse
 u - a scroll of enchant weapon {unknown}
 z - a scroll of immolation {unknown}
 C - 3 scrolls of enchant armour {unknown}
 F - a scroll of blinking {unknown}
 K - 4 scrolls of identify
Potions
 a - a potion of agility {unknown}
 b - 2 potions of resistance {unknown}
 k - a potion of berserk rage
 v - a potion of curing
 w - 2 potions of cancellation {unknown}
 x - 3 potions of lignification
 A - a potion of brilliance
 G - a potion of haste
 Q - a potion of magic {unknown}
 U - a potion of flight {unknown}
Comestibles
 f - 16 rations


   Skills:
 + Level 5.3 Fighting
 + Level 7.5 Short Blades
 + Level 2.5 Throwing
 + Level 4.5 Armour
 + Level 5.5 Dodging
 + Level 11.0 Stealth
 + Level 3.6 Shields
 + Level 0.1 Invocations
 + Level 0.6 Evocations


You had 6 spell levels left.
You knew the following spells:

 Your Spells              Type           Power        Failure   Level  Hunger
a - Regeneration          Chrm/Necr      #.........   100%        3    ####...

Your spell library contained the following spells:

 Spells                   Type           Power        Failure   Level  Hunger
 Animate Skeleton         Necr           N/A          100%        1    ##.....
 Pain                     Necr           #...         100%        1    ##.....
 Vampiric Draining        Necr           #.........   100%        3    ####...
 Animate Dead             Necr           N/A          100%        4    #####..


Dungeon Overview and Level Annotations

Branches:
Dungeon (9/15)             Temple (1/1) D:6            Lair (0/6) D:8
    Orc: D:9-12

Altars:
Ashenzari
Cheibriados
Elyvilon
Fedhas
Gozag
Hepliaklqana
Kikubaaqudgha
Makhleb
Nemelex Xobeh
Okawaru
Qazlal
Sif Muna
Trog
Uskayaw
Vehumet
Wu Jian
Xom
Zin
The Shining One
Jiyva

Shops:
D:4 *(*

Annotations:
D:5 3 runed translucent doors, bmj180's ghost, novice GrEE
D:8 exclusion: orange crystal statue


Innate Abilities, Weirdness & Mutations

You have razor-sharp teeth.
Your natural rate of healing is unusually fast.
When hurt, damage is shared between your health and your magic reserves.
Your bite disrupts and absorbs the magic of your enemies.
Potions cannot restore your health.
You are immune to rotting.


Message History

The two-headed ogre looks more healthy.
You block the hound's attack.
The wyvern zombie bites you but does no damage.
The two-headed ogre hits you with a cursed +0 giant spiked club!
The two-headed ogre barely misses you. The troll bites you but does no damage.
The troll claws you!
* * * LOW HITPOINT WARNING * * *
The troll closely misses you. The hound bites you but does no damage.
You climb upwards.
Level annotation: exclusion: orange crystal statue
There is a stone staircase leading down here.
You hit the two-headed ogre.
The two-headed ogre is heavily wounded.
You hit the two-headed ogre.
The two-headed ogre is severely wounded.
You block the troll's attack. The troll claws you.
* * * LOW HITPOINT WARNING * * *
The troll claws you.
* * * LOW HITPOINT WARNING * * *
The two-headed ogre hits you with a cursed +0 giant spiked club!
You die...

.##### ##...........).....##.#
.....# #####.###.#####.#.##.###
.....).#######.###.#####.........
..............................###
........########.#.####..........
.≈.......# #.#.####.########.
≈≈≈≈$....# #.#..........# #.
≈:≈≈§....# #T#..###.###.####.
(..S§....# #@Oh.# #..........
8§≈§.....# ####.# #..##.####.
≈§S≈S....## #.# #(.##.# #.
≈§§.......# #.# #..##.# #.
.≈≈.......# #.# #..##.####.
..........### #.###..........
............# #..............
.......####.# ##########.....
......# #.# #.###.


You could see a two-headed ogre, a troll and a hound.

Vanquished Creatures
  Pikel (D:6)
  An elephant (D:8)
  Psyche (D:8)
  A gargoyle (D:8)
  A troll (D:9)
  2 hippogriffs
  Grum (D:8)
  A hungry ghost (D:8)
  A water moccasin (D:5)
  Duvessa (D:4)
  An orc warrior (D:8)
  An ice beast (D:5)
  A black bear (D:7)
  A phantom (D:2)
  2 slaves (D:6)
  3 sky beasts
  7 ogres
  2 centaurs (D:7)
  2 wolves (D:7)
  2 crocodiles (D:8)
  3 bullfrogs
  Dowan (D:4)
  A scorpion (D:4)
  4 killer bees (D:8)
  A howler monkey (D:4)
  2 bullfrog zombies
  3 crimson imps
  2 hounds
  6 orc priests
  Crazy Yiuf (D:7)
  2 centaur zombies
  A gnoll shaman (D:6)
  4 jellies
  An iguana (D:5)
  4 orc wizards
  5 worker ants
  A hound skeleton (D:5)
  A worker ant zombie (D:5)
  A howler monkey skeleton (D:4)
  Robin (D:4)
  5 adders
  12 gnolls
  A shadow imp (D:5)
  An adder zombie (D:5)
  An adder skeleton (D:9)
  2 worms
  A dart slug (D:1)
  4 leopard geckos
  35 orcs
  5 giant cockroaches
  13 goblins
  4 hobgoblins
  16 jackals
  6 quokkas
  2 ball pythons (D:1)
  6 bats
  6 frilled lizards
  A jackal skeleton (D:7)
  16 kobolds
  A leopard gecko zombie (D:5)
  2 quokka zombies (D:5)
  6 rats
224 creatures vanquished.

Notes
Turn   | Place    | Note
-------+----------+-------------------------------------------
     0 | D:1      | Kairok the Vine Stalker Assassin began the quest for the
                  | Orb.
     0 | D:1      | Reached XP level 1. HP: 11/11 MP: 2/2
    34 | D:1      | Reached skill level 5 in Stealth
    64 | D:1      | Reached XP level 2. HP: 13/15 MP: 3/3
   698 | D:1      | Reached XP level 3. HP: 17/18 MP: 4/4
  1228 | D:2      | Found a shimmering altar of Xom.
  1228 | D:2      | Found a bloodstained altar of Trog.
  1352 | D:2      | Noticed a phantom
  1999 | D:3      | Reached skill level 1 in Dodging
  2032 | D:3      | Gained mutation: Your natural rate of healing is unusually
                  | fast. [Vine Stalker growth]
  2032 | D:3      | Reached XP level 4. HP: 7/23 MP: 2/5
  2330 | D:3      | Noticed an ogre
  2339 | D:3      | Killed an ogre
  2339 | D:3      | Reached skill level 1 in Armour
  2339 | D:3      | Reached skill level 6 in Stealth
  2339 | D:3      | Reached XP level 5. HP: 8/26 MP: 2/6
  2487 | D:3      | Found a bloodstained altar of Trog.
  2645 | D:3      | Found a radiant altar of Vehumet.
  2902 | D:2      | Killed a phantom
  2902 | D:2      | Reached XP level 6. HP: 19/30 MP: 7/7
  3092 | D:4      | Reached XP level 7. HP: 35/35 MP: 8/8
  3220 | D:4      | Found Qaub's Weapon Shop.
  3314 | D:4      | Noticed Duvessa
  3315 | D:4      | Noticed Dowan
  3346 | D:4      | Killed Duvessa
  3351 | D:4      | Killed Dowan
  3394 | D:4      | Found Ybuevyed's Assorted Antiques.
  3402 | D:4      | Bought a scroll labeled USEWYE ESHARYGG for 22 gold pieces
  3402 | D:4      | Bought a scroll labeled LUS VETIHU for 22 gold pieces
  3438 | D:4      | Found a white marble altar of Elyvilon.
  3495 | D:4      | Found Tuhe's Assorted Antiques.
  3507 | D:4      | Noticed Robin
  3533 | D:4      | Killed Robin
  3746 | D:4      | Bought a coppery potion for 24 gold pieces
  3746 | D:4      | Bought an inky potion for 24 gold pieces
  3950 | D:5      | Entered Level 5 of the Dungeon
  4068 | D:5      | Learned a level 3 spell: Regeneration
  4212 | D:5      | Found a runed translucent gate.
  4212 | D:5      | Found a runed translucent gate.
  4212 | D:5      | Found a runed translucent gate.
  4268 | D:5      | Noticed bmj180's ghost (novice GrEE)
  4302 | D:5      | Paralysed by a crimson imp for 5 turns
  4324 | D:5      | Reached skill level 7 in Stealth
  4324 | D:5      | Gained mutation: You have razor-sharp teeth. [Vine Stalker
                  | growth]
  4324 | D:5      | Reached XP level 8. HP: 40/40 MP: 9/9
  4723 | D:6      | Reached skill level 5 in Short Blades
  4733 | D:6      | Found a burning altar of Makhleb.
  4733 | D:6      | Noticed a blizzard demon
  4736 | D:6      | Noticed a hellwing
  4835 | D:6      | Found a staircase to the Ecumenical Temple.
  4846 | D:6      | Reached skill level 8 in Stealth
  4853 | Temple   | Entered the Ecumenical Temple
  4872 | Temple   | Became a worshipper of Warmaster Okawaru
  4915 | D:6      | Noticed Pikel
  5019 | D:6      | Killed Pikel
  5019 | D:6      | Reached * piety under Okawaru
  5019 | D:6      | Reached XP level 9. HP: 18/45 MP: 4/10
  5199 | D:6      | Reached skill level 9 in Stealth
  5783 | D:7      | Found an ornate altar of the Wu Jian Council.
  5916 | D:7      | Found a runed translucent door.
  5917 | D:7      | Noticed Crazy Yiuf
  5992 | D:7      | Found a stormy altar of Qazlal.
  6093 | D:7      | Reached skill level 1 in Shields
  6169 | D:7      | Reached ** piety under Okawaru
  6341 | D:7      | Found a glowing silver altar of Zin.
  6353 | D:7      | Reached skill level 10 in Stealth
  6387 | D:7      | Identified the +5 scale mail of Zoijiw {rElec Regen+ Dex-5}
  6413 | D:7      | Found a shattered altar of Ashenzari.
  6554 | D:7      | Found a shattered altar of Ashenzari.
  6822 | D:7      | Killed Crazy Yiuf
  6890 | D:8      | Noticed Grum
  6947 | D:8      | Killed Grum
  6947 | D:8      | Reached XP level 10. HP: 38/51 MP: 8/11
  6986 | D:8      | Noticed an orange crystal statue
  7062 | D:8      | Reached skill level 5 in Dodging
  7118 | D:8      | Found a hide-covered altar of Uskayaw.
  7118 | D:8      | Found an opulent altar of Gozag.
  7171 | D:8      | Found a staircase to the Lair.
  7171 | D:8      | Noticed an elephant
  7198 | D:8      | Killed an elephant
  7198 | D:8      | Reached *** piety under Okawaru
  7288 | D:8      | Noticed a gargoyle
  7317 | D:8      | Killed a gargoyle
  7317 | D:8      | Received a gift from Okawaru
  7574 | D:8      | Noticed Psyche
  7600 | D:8      | Killed Psyche
  7670 | D:8      | Reached skill level 5 in Fighting
  8001 | D:9      | Reached **** piety under Okawaru
  8039 | D:9      | Found a shimmering blue altar of Sif Muna.
  8084 | D:9      | Reached skill level 11 in Stealth
  8131 | D:9      | Found an ornate altar of the Wu Jian Council.
  8141 | D:9      | Noticed a two-headed ogre
  8160 | D:8      | Slain by a two-headed ogre

Levels and vault maps discovered:
D:1:      dpeg_arrival_simpleton_b, layout_loops_corners, serial_bayou_pond_a,
          minmay_tromino_v2
D:2:      minmay_kobold_bridge, layout_loops_ring,
          gammafunk_temple_overflow_statue, first_ration
D:3:      layout_basic, lemuel_coloured_pillars_altar, trog_three_pillars_becter
D:4:      layout_cave_pods, elyvilon_altar_3, serial_shops, shop_statue,
          nicolae_shop_overgrown_old_shop, nicolae_shop_waterfront, uniq_robin,
          uniq_duvessa
D:5:      layout_loops_ring, gammafunk_ghost_icy
D:6:      layout_basic, minmay_temple_entry_statues_fountains,
          makhleb_altar_promises_db, uniq_pikel
D:7:      layout_basic, kennysheep_mini, overflow_temple_1_default,
          nicolae_qazlal_style_of_elements, old_standard_altar, grunt_ogre_cave,
          minmay_misc_feat_doors, evilmike_ruin_ashenzari,
          uniq_crazy_yiuf_cottage
D:8:      layout_loops_ring, gammafunk_temple_overflow_wave, david_lair_generic,
          disabler_island, uniq_grum, uniq_psyche
D:9:      layout_rooms, overflow_temple_1_default, basic_altar
Temple:   pf_slimified_temple

Skill      XL: |  1  2  3  4  5  6  7  8  9 10 |
---------------+-------------------------------+-----
Stealth        | 5 6 7 8 10 11 | 11.0
Short Blades   | 2 3 4 6 7 |  7.5
Dodging        | 1 2 3 4 5 |  5.5
Fighting       | 2 3 4 5 |  5.3
Armour         | 1 2 3 4 |  4.5
Throwing       | 2 |  2.5
Shields        | 1 3 |  3.6
Invocations    | |  0.1
Evocations     | |  0.6

Action                   |  1- 3 |  4- 6 |  7- 9 | 10-12 || total
-------------------------+-------+-------+-------+-------++-------
Melee: Dagger            |    69 |       |   312 |   232 ||   613
       Bite              |    33 |    40 |   139 |    72 ||   284
       Short sword       |    86 |   127 |   120 |    41 ||   374
Throw: Dart              |     2 |     3 |     6 |     3 ||    14
Invok: Heroism           |       |       |       |     1 ||     1
Evoke: Wand              |       |       |       |     6 ||     6
  Use: Scroll            |     3 |     2 |     7 |       ||    12
       Potion            |     1 |       |       |       ||     1
 Stab: Sleeping          |    15 |     1 |    22 |     4 ||    42
       Distracted        |       |       |     2 |       ||     2
  Eat: Chunk             |     1 |     2 |    11 |     4 ||    18
       Ration            |     1 |       |     1 |       ||     2
Armor: Robe              |     1 |       |       |       ||     1
       Ring mail         |    51 |    37 |     6 |       ||    94
       Leather armour    |       |       |   112 |       ||   112
       Scale mail        |       |       |    18 |    93 ||   111
Dodge: Dodged            |    91 |    58 |   173 |    70 ||   392
Block: Shield            |       |       |    47 |   104 ||   151

Table legend:
 A = Non-vault XP
 B = Vault XP
 C = Vault XP percentage of total XP
 D = Non-vault monster count
 E = Vault monster count
 F = Vault count percentage of total count
                 A         B        C        D         E       F
            +---------+---------+-------+---------+---------+-------
      Total |    5813 |    2575 |  30.7 |     193 |      29 |  13.1
            +---------+---------+-------+---------+---------+-------
        D:1 |      33 |       4 |  10.8 |      22 |       1 |   4.3
        D:2 |     159 |       5 |   3.0 |      19 |       3 |  13.6
        D:3 |     283 |       0 |   0.0 |      28 |       0 |   0.0
        D:4 |     207 |     259 |  55.6 |      11 |      15 |  57.7
        D:5 |     794 |       0 |   0.0 |      31 |       0 |   0.0
        D:6 |     755 |     641 |  45.9 |      25 |       1 |   3.8
        D:7 |    1027 |     387 |  27.4 |      19 |       4 |  17.4
        D:8 |    1512 |    1279 |  45.8 |      27 |       5 |  15.6
        D:9 |    1043 |       0 |   0.0 |      11 |       0 |   0.0
            +---------+---------+-------+---------+---------+-------
